Map: [ESL] Inside and Out

Players

MaxPax

  • Race: Protoss Protoss
  • Spawn Location: 7:00

Clem - Winner!

  • Race: Terran Terran
  • Spawn Location: 1:00

Event: DreamHack SC2 Masters 2022 Atlanta (Online)

VOD

Have the link to the VOD?

Description

Time

  • Played on: Oct. 14, 2022, 11:40 a.m.
  • Length: 13:27

All games in this series

Show
View Real Time Build Order
Export as new Build Order

MaxPax Protoss 

Build Orders: 1 Gate Expand, Blink Stalkers, Colossus Rush 

Get SALT Encoding   

  12  0:00  Probe  
  13  0:12  Probe  
  14  0:17  Pylon  
  14  0:24  Probe (Chrono Boost)  
  15  0:36  Gateway, Probe (Chrono Boost)  
  16  0:44  Probe (Chrono Boost)  
  16  0:45  Assimilator  
  17  0:51  Probe  
  18  1:03  Probe  
  19  1:15  Probe  
  20  1:23  Cybernetics Core  
  20  1:24  Zealot  
  22  1:36  Nexus  
  22  1:44  Pylon  
  22  1:45  Probe  
  23  1:59  Assimilator  
  23  2:00  Stalker (Chrono Boost)  
  23  2:04  Probe  
  26  2:09  Shield Battery  
  25  2:16  Warp Gate, Probe  
  25  2:20  Shield Battery  
  26  2:24  Adept (Chrono Boost)  
  26  2:28  Probe  
  29  2:40  Probe  
  30  2:47  Twilight Council  
  28  2:52  Probe, Stalker (Chrono Boost)  
  28  2:54  Probe  
  32  3:04  Probe  
  33  3:06  Probe  
  33  3:11  Gateway  
  34  3:16  Probe  
  34  3:19  Probe  
  36  3:20  Blink (Chrono Boost)  
  34  3:28  Probe  
  34  3:31  Probe  
  36  3:40  Probe  
  36  3:41  Robotics Facility  
  37  3:43  Probe  
  38  3:53  Probe  
  38  3:55  Gateway, Probe  
  40  4:04  Stalker  
  40  4:05  Probe  
  40  4:07  Probe  
  44  4:10  Pylon  
  44  4:17  Probe  
  44  4:18  Pylon  
  44  4:19  Probe  
  46  4:29  Warp Prism, Probe  
  46  4:30  Stalker  
  51  4:34  Pylon  
  51  4:35  Probe  
  51  4:37  Stalker  
  54  4:42  Probe, Assimilator  
  55  4:48  Probe  
  55  4:50  Pylon  
  56  4:54  Stalker, Assimilator  
  56  4:58  Stalker  
  60  5:00  Probe  
  60  5:01  Probe  
  62  5:07  Robotics Bay  
  62  5:09  Observer  
  62  5:12  Probe  
  62  5:13  Probe  
  65  5:22  Stalker  
  67  5:33  Nexus  
  67  5:42  Stalker x2  
  71  5:43  Probe  
  71  5:52  Probe  
  71  5:53  Colossus (Chrono Boost)  
  71  5:55  Probe  
  72  5:58  Pylon  
  72  6:01  Charge  
  78  6:09  Probe x2  
  78  6:13  Shield Battery  
  76  6:20  Sentry x2, Stalker  
  76  6:22  Probe, Pylon  
  83  6:33  Gateway  
  83  6:37  Colossus (Chrono Boost), Gateway  
  81  6:42  Pylon  
  81  6:43  Zealot  
  88  6:48  Zealot x2  
  91  6:55  Extended Thermal Lance  
  91  6:59  Pylon  
  91  7:07  Probe x3, Pylon  
  90  7:10  Zealot x2  
  92  7:20  Zealot  
  94  7:25  Colossus (Chrono Boost)  
  100  7:30  Pylon  
  100  7:43  Zealot x5  
  88  7:52  Observer  
  88  7:58  Nexus  
  82  8:01  Observer  
  82  8:04  Zealot x3, Sentry  
  88  8:13  Dark Shrine  
  88  8:17  Colossus (Chrono Boost)  
  94  8:23  Probe x2  
  96  8:28  Forge  
  96  8:31  Sentry  
  96  8:32  Sentry  
  100  8:35  Probe  
  100  8:38  Shield Battery  
  100  8:39  Probe  
  102  8:47  Probe  
  103  8:51  Probe  
  103  8:53  Assimilator  
  104  8:56  Zealot x2  
  104  8:59  Assimilator  
  104  9:01  Protoss Ground Weapons Level 1 (Chrono Boost)  
  108  9:03  Probe  
  108  9:06  Probe  
  110  9:12  Probe  
  110  9:13  Disruptor (Chrono Boost)  
  110  9:15  Probe  
  115  9:22  Robotics Facility  
  115  9:23  Pylon  
  117  9:27  Stalker  
  117  9:29  Stalker  
  117  9:32  Dark Templar  
  117  9:34  Dark Templar  
  117  9:37  Dark Templar  
  123  9:41  Observer  
  123  9:44  Disruptor (Chrono Boost)  
  124  9:47  Photon Cannon  
  124  9:54  Photon Cannon  
  124  10:01  Pylon  
  124  10:07  Stalker x2  
  124  10:08  Zealot x2  
  124  10:10  Shadow Stride (Chrono Boost)  
  132  10:18  Disruptor (Chrono Boost), Pylon  
  132  10:19  Pylon  
  132  10:21  Disruptor (Chrono Boost)  
  134  10:40  Nexus  
  134  10:43  Pylon  
  134  10:49  Disruptor  
  133  10:50  Stalker x4  
  133  10:54  Disruptor  
  137  11:00  Probe  
  136  11:05  Probe x2  
  138  11:13  Dark Templar, Probe  
  139  11:21  Photon Cannon  
  139  11:23  Photon Cannon, Pylon  
  139  11:24  Disruptor  
  139  11:25  Photon Cannon  
  142  11:27  Shield Battery  
  142  11:28  Photon Cannon  
  142  11:30  Pylon  
  142  11:38  Stalker x3  
  148  11:41  Dark Templar  
  148  11:52  Disruptor  
  132  12:02  Zealot x4  
  132  12:07  Gateway  
  127  12:23  Dark Templar  
  127  12:24  Zealot x4  
  126  12:45  Disruptor x2  
  126  12:50  Dark Templar x2  
  128  12:54  Gateway  
  128  12:57  Gateway  
  124  13:16  Gateway  
  124  13:19  Zealot, Gateway  
  124  13:22  Gateway  
  124  13:23  Gateway  
Show
View Real Time Build Order
Export as new Build Order

Clem Terran - Winner!

Build Orders:  

Get SALT Encoding   

  12  0:00  SCV  
  13  0:12  SCV  
  14  0:16  Supply Depot  
  14  0:24  SCV  
  15  0:38  SCV  
  16  0:43  Barracks  
  16  0:44  Refinery  
  16  0:50  SCV  
  17  0:59  Barracks  
  17  1:03  SCV  
  18  1:15  SCV  
  19  1:30  Reaper, Orbital Command  
  20  1:40  Supply Depot  
  20  1:46  Reaper  
  21  1:55  SCV  
  22  2:03  Reaper  
  22  2:07  SCV  
  24  2:15  Command Center  
  24  2:20  SCV  
  25  2:25  Refinery  
  25  2:32  SCV  
  25  2:35  Supply Depot  
  26  2:40  Factory  
  27  2:44  SCV  
  27  2:51  Marine  
  27  2:56  SCV  
  27  2:57  Bunker  
  27  2:58  Barracks Tech Lab  
  29  3:08  SCV  
  29  3:12  Barracks Reactor  
  30  3:20  SCV  
  30  3:26  Orbital Command  
  29  3:29  Cyclone  
  29  3:31  Barracks Tech Lab  
  29  3:33  SCV  
  33  3:36  Barracks  
  33  3:45  SCV  
  34  3:49  Marine x2  
  34  3:50  Stimpack  
  34  3:51  Marine  
  34  3:52  SCV  
  38  3:57  SCV  
  38  4:01  Engineering Bay  
  39  4:04  SCV  
  39  4:06  Siege Tank  
  39  4:09  SCV  
  44  4:12  Marine x2  
  44  4:15  Supply Depot  
  44  4:16  SCV  
  47  4:18  Marine  
  47  4:21  SCV  
  49  4:26  Barracks Tech Lab  
  49  4:28  SCV  
  49  4:30  Marine x2  
  52  4:33  SCV  
  52  4:36  Refinery  
  52  4:37  Supply Depot, Marine  
  54  4:40  Siege Tank  
  54  4:42  SCV  
  58  4:46  SCV, Marauder  
  58  4:49  Marine  
  62  4:54  Combat Shield  
  62  4:57  Supply Depot  
  62  4:58  SCV, Marine  
  64  5:02  Supply Depot  
  64  5:04  Marauder  
  64  5:06  SCV  
  67  5:08  Marauder  
  67  5:09  Marine  
  67  5:12  SCV  
  70  5:18  Marine  
  70  5:19  SCV, Siege Tank  
  75  5:24  Supply Depot, SCV  
  75  5:27  Refinery  
  76  5:30  Starport  
  76  5:32  Marine  
  76  5:34  Marauder  
  80  5:35  SCV  
  80  5:41  Marauder  
  80  5:42  SCV  
  82  5:44  Supply Depot  
  82  5:47  SCV  
  82  5:49  Marine  
  83  5:54  Marine  
  83  5:55  Siege Tank, Marine  
  87  6:02  Marauder  
  89  6:05  Supply Depot, Terran Infantry Weapons Level 1  
  89  6:09  Marine  
  90  6:12  Command Center  
  90  6:15  Starport Reactor, Marine  
  88  6:21  Supply Depot, Marauder  
  89  6:27  SCV  
  89  6:28  Barracks  
  89  6:32  Siege Tank  
  91  6:34  Marine x2  
  91  6:35  Marine  
  91  6:39  Barracks  
  92  6:42  SCV x2  
  92  6:46  Marauder  
  96  6:53  Medivac x2  
  100  6:54  Supply Depot  
  100  6:55  Marine x2  
  100  6:59  Marauder  
  103  7:05  SCV x2  
  103  7:06  Marine  
  100  7:11  Siege Tank  
  100  7:14  Marine x2  
  103  7:15  Supply Depot  
  103  7:21  Marauder  
  103  7:23  Barracks Tech Lab  
  103  7:25  Marauder  
  103  7:27  SCV x2  
  103  7:29  Barracks Reactor  
  107  7:32  Medivac, Marine x2  
  107  7:35  Medivac  
  112  7:41  SCV, Marine  
  112  7:43  Marauder  
  107  7:46  Marine  
  107  7:50  SCV, Marine  
  96  7:53  SCV, Marine  
  91  8:00  Marauder  
  91  8:02  Orbital Command  
  91  8:03  SCV  
  91  8:04  Marauder  
  94  8:05  SCV  
  94  8:07  Marauder  
  94  8:11  Marine x2  
  99  8:13  Marine  
  99  8:15  SCV  
  99  8:17  SCV  
  102  8:20  Terran Infantry Armor Level 1  
  102  8:22  Marine  
  102  8:24  Siege Tank  
  102  8:26  Marauder  
  108  8:28  SCV  
  108  8:31  SCV, Viking  
  73  8:34  Viking  
  112  8:35  SCV  
  112  8:39  Marine x2  
  112  8:40  SCV, Marauder  
  120  8:42  Marauder  
  120  8:43  SCV  
  120  8:44  Marine  
  120  8:47  SCV  
  120  8:48  Marine  
  126  8:51  Supply Depot, Marauder  
  126  8:52  SCV  
  126  8:55  SCV  
  130  8:58  Refinery, Marine x2  
  130  8:59  SCV  
  130  9:00  Siege Tank  
  130  9:01  Viking  
  138  9:04  SCV  
  138  9:07  SCV, Marauder  
  141  9:11  Supply Depot x2, SCV, Marine  
  141  9:13  Marine  
  141  9:14  Marauder  
  141  9:16  SCV  
  146  9:21  SCV, Armory  
  146  9:22  Engineering Bay, Refinery  
  146  9:23  SCV  
  147  9:25  Viking  
  149  9:37  Marauder  
  151  9:40  Siege Tank  
  151  9:41  Command Center  
  151  9:44  Viking  
  151  9:45  Supply Depot  
  156  9:51  Supply Depot  
  156  9:52  Marine x4  
  160  9:53  Ghost Academy  
  160  9:55  Marauder  
  160  9:57  SCV x3  
  166  10:00  Marauder  
  166  10:01  Marauder  
  166  10:03  Supply Depot  
  168  10:11  Missile Turret  
  168  10:12  Marine x4  
  172  10:16  Viking, Marauder  
  172  10:17  Viking  
  180  10:21  Terran Infantry Weapons Level 2, Marauder  
  180  10:24  Terran Infantry Armor Level 2  
  180  10:28  Concussive Shells  
  178  10:35  Barracks  
  178  10:36  Barracks x2  
  178  10:38  Ghost  
  178  10:42  Terran Ship Weapons Level 1  
  180  10:44  Ghost  
  180  10:51  Missile Turret  
  180  10:56  Missile Turret  
  168  10:57  Marine x4  
  168  11:01  Viking x2  
  168  11:03  Siege Tank  
  170  11:12  SCV  
  170  11:14  SCV x2  
  170  11:17  Sensor Tower  
  172  11:24  SCV  
  172  11:25  Barracks Tech Lab x2  
  173  11:26  Marine x4  
  173  11:29  SCV  
  173  11:31  Viking  
  173  11:32  SCV  
  181  11:34  Marauder  
  182  11:41  Marauder, Marine x2  
  182  11:44  Refinery  
  182  11:45  Marauder  
  182  11:47  SCV  
  185  11:50  SCV  
  170  11:55  Marine  
  170  11:58  Planetary Fortress  
  170  11:59  Marine  
  171  12:03  Barracks Tech Lab  
  171  12:04  Marauder  
  171  12:05  SCV x2  
  171  12:07  Marine  
  176  12:14  SCV  
  177  12:17  Marauder x2  
  177  12:22  Marauder  
  182  12:24  Medivac x2, Marine  
  182  12:25  Marine x3  
  182  12:29  Marauder  
  189  12:30  Marauder  
  189  12:34  Marine  
  183  12:38  Marauder x2  
  183  12:40  Missile Turret  
  183  12:43  Marauder  
  183  12:44  Marauder  
  182  12:45  Marine x3  
  182  12:49  Marine  
  182  12:50  Marine  
  187  12:53  Medivac  
  187  12:54  Medivac  
  187  12:57  SCV x3  
  194  12:59  Marauder, Marine  
  194  13:03  Marine  
  198  13:10  SCV  
  197  13:14  Missile Turret  
  197  13:15  Command Center  
Tags
 
Add a new tag
Caveats
  • Supply blocks, unpowered buildings, or Contaminate may cause inaccurate times.
  • Supply counts are checked every 10 seconds.